 Dungeon Sprint DCSS version 0.29-a0-472-ge5599a681e (webtiles) character file.

Game seed: 7926804404140529841

1449 mhtbhm the Basher (level 8, -3/92 HPs)
             Began as a Troll Berserker on May 22, 2022.
             Was a High Priest of Trog.
             Slain by a two-headed ogre
             ... wielding a +0 giant spiked club
              (19 damage)
             ... in the Dungeon (Sprint III: "The Ten Rune Challenge").
             The game lasted 00:02:21 (889 turns).

mhtbhm the Basher (Troll Berserker)                  Turns: 889, Time: 00:02:22

Health: -3/92      AC:  4    Str: 28    XL:     8   Next: 47%
Magic:  7/7        EV: 12    Int:  3    God:    Trog [*****.]
Gold:   36         SH:  0    Dex:  9    Spells: 7/7 levels left

rFire   . . .      SeeInvis .   a - +0 mace
rCold   . . .      Faith    .   (no shield)
rNeg    . . .      Spirit   .   b - +0 animal skin
rPois   .          Reflect  .   (helmet restricted)
rElec   .          Harm     .   (no cloak)
rCorr   .          Rampage  .   (gloves unavailable)
Will    .....      NoTele   +   (boots unavailable)
Stlth   +.........              (no amulet)
HPRegen 1.05/turn               (no ring)
MPRegen 0.10/turn               (no ring)

@: on berserk cooldown, slowed, very slow
A: large, unfitting armour, claws 3, regeneration 1, shaggy fur 1, tough skin 1
a: Renounce Religion, Berserk, Trog's Hand, Brothers in Arms


You were in the Dungeon.
You worshipped Trog.
Trog was extremely pleased with you.
You visited 1 branch You collected 36 gold pieces.

Inventory:

Hand Weapons
 a - a +0 mace (weapon)
Armour
 b - a +0 animal skin (worn)
Wands
 q - a wand of digging (3)
Scrolls
 j - 2 scrolls of enchant weapon
 l - 2 scrolls of immolation {unknown}
Potions
 c - 3 potions of curing
 e - a potion of might
 f - 2 potions of magic
 g - a potion of berserk rage
 i - 2 potions of cancellation
 k - a potion of mutation
 n - a potion of flight {unknown}
 o - 2 potions of ambrosia {unknown}
 p - a potion of degeneration {unknown}
Miscellaneous
 h - a phial of floods


   Skills:
 + Level 9.2 Fighting
 + Level 11.6 Maces & Flails
 + Level 8.9 Dodging
 + Level 0.4 Stealth


You had 7 spell levels left.
You didn't know any spells.
Your spell library was empty.

Dungeon Overview and Level Annotations

Branches:
Dungeon (1/1)

Altars:
Cheibriados
Dithmenos
Elyvilon
Fedhas
Gozag
Hepliaklqana
Kikubaaqudgha
Makhleb
Nemelex Xobeh
Okawaru
Qazlal
Ru
Sif Muna
Trog
Uskayaw
Vehumet
Wu Jian
Xom
Yredelemnul
Zin
The Shining One
Beogh
Jiyva
Lugonu


Innate Abilities, Weirdness & Mutations

You are too large for most types of armour.
You have claws for hands.
Your natural rate of healing is unusually fast.
You are covered in fur. (AC +1)
You have tough skin. (AC +1)


Message History

The two-headed ogre is severely wounded.
The two-headed ogre hits you with a +0 giant club!
The two-headed ogre hits you with a +0 giant spiked club!!
You are too injured to fight recklessly!
You are too injured to fight recklessly!
You are too injured to fight recklessly!
You are too injured to fight recklessly!
You are too injured to fight recklessly!
You are too injured to fight recklessly!
You are too injured to fight recklessly!
You are too injured to fight recklessly!
You are too injured to fight recklessly!
You are too injured to fight recklessly!
You hit the two-headed ogre.
The two-headed ogre is severely wounded.
You hit the two-headed ogre.
The two-headed ogre is severely wounded.
The two-headed ogre hits you with a +0 giant club!!
* * * LOW HITPOINT WARNING * * *
The two-headed ogre misses you.
You thump the two-headed ogre!
The two-headed ogre is almost dead.
You sock the two-headed ogre!
You kill the two-headed ogre!
Trog accepts your kill.
You are no longer berserk.
You are exhausted.
You feel yourself slow down.
Unknown command.
Unknown command.
Okay, then.
Okay, then.
You feel much better. The two-headed ogre barely misses you.
The two-headed ogre closely misses you.
Unknown command.
Your two-headed ogre goes berserk!
The two-headed ogre hits you with a +0 giant spiked club!!
* * * LOW HITPOINT WARNING * * *
The two-headed ogre hits you with a +0 giant club!!
You die...

.#..###'#'###'##
'#..#....÷.....#
#...'.⌠........#
#...#...######'#
....#.⌠.#__#...# # #
....#...#__#...#
.#.#
....#)###__#...##
#..
....#):.#__#...'##.#
....#___#__'...#@OO#
▓▓▓▓▓▓▓▓▓▓▓▓▓▓▓▓▓▓▓▓


You could see a two-headed ogre (ally target) and a friendly two-headed ogre
(summoned, berserk).

Vanquished Creatures
  A deep elf pyromancer (D)
  A shadow (D)
  A spatial vortex (D)
  2 two-headed ogres (D)
  A necrophage (D)
  A scorpion (D)
  A water elemental (D)
  A jelly (D)
  Jessica (D)
  A wizard (D)
  A necromancer (D)
  A kobold demonologist (D)
  3 humans (D)
  3 rats (D)
19 creatures vanquished.

Notes
Turn   | Place    | Note
-------+----------+-------------------------------------------
     0 | D        | mhtbhm the Troll Berserker began the quest for the Orb.
     0 | D        | Reached XP level 1. HP: 22/22 MP: 0/0
    32 | D        | Reached ** piety under Trog
    33 | D        | Reached skill level 3 in Maces & Flails
    41 | D        | Noticed Jessica
    49 | D        | Killed Jessica
    50 | D        | Reached skill level 4 in Maces & Flails
    50 | D        | Reached XP level 2. HP: 32/32 MP: 1/1
   146 | D        | Noticed a scorpion
   150 | D        | Killed a scorpion
   151 | D        | Reached skill level 5 in Maces & Flails
   151 | D        | Reached XP level 3. HP: 41/41 MP: 2/2
   151 | D        | Reached XP level 4. HP: 49/49 MP: 3/3
   158 | D        | Reached skill level 5 in Fighting
   232 | D        | Noticed a water elemental
   238 | D        | Killed a water elemental
   238 | D        | Reached *** piety under Trog
   239 | D        | Reached skill level 6 in Maces & Flails
   239 | D        | Reached skill level 5 in Dodging
   239 | D        | Reached XP level 5. HP: 59/59 MP: 4/4
   344 | D        | Found a basalt altar of Yredelemnul.
   344 | D        | Found a shadowy altar of Dithmenos.
   344 | D        | Found a sacrificial altar of Ru.
   352 | D        | Reached skill level 7 in Maces & Flails
   406 | D        | Found a radiant altar of Vehumet.
   406 | D        | Found a shimmering blue altar of Sif Muna.
   406 | D        | Found an ancient bone altar of Kikubaaqudgha.
   409 | D        | Reached **** piety under Trog
   410 | D        | Reached XP level 6. HP: 68/68 MP: 5/5
   468 | D        | Found a hide-covered altar of Uskayaw.
   468 | D        | Found an iron altar of Okawaru.
   468 | D        | Found a bloodstained altar of Trog.
   468 | D        | Found an ornate altar of the Wu Jian Council.
   468 | D        | Noticed a human
   468 | D        | Noticed a human
   481 | D        | Killed a human
   482 | D        | Reached skill level 8 in Maces & Flails
   492 | D        | HP: 1/71 [human (13)]
   506 | D        | Gained mutation: You are dopey. (Int -2) [potion of
                  | mutation]
   506 | D        | Lost mutation: You are dopey. (Int -2) [potion of mutation]
   516 | D        | Killed a human
   517 | D        | Reached skill level 9 in Maces & Flails
   517 | D        | Reached XP level 7. HP: 21/78 MP: 6/6
   686 | D        | Found a glowing silver altar of Zin.
   686 | D        | Found a glowing golden altar of the Shining One.
   686 | D        | Found a white marble altar of Elyvilon.
   687 | D        | Noticed a deep elf pyromancer
   699 | D        | Killed a deep elf pyromancer
   700 | D        | Reached skill level 10 in Maces & Flails
   761 | D        | Reached ***** piety under Trog
   762 | D        | Reached XP level 8. HP: 65/89 MP: 7/7
   800 | D        | Reached skill level 11 in Maces & Flails
   822 | D        | Found a blossoming altar of Fedhas.
   822 | D        | Found a stormy altar of Qazlal.
   822 | D        | Found a snail-covered altar of Cheibriados.
   822 | D        | Found a burning altar of Makhleb.
   822 | D        | Found a shimmering altar of Xom.
   823 | D        | Found a hazy altar of Hepliaklqana.
   823 | D        | Found an opulent altar of Gozag.
   823 | D        | Found a sparkling altar of Nemelex Xobeh.
   823 | D        | Found a corrupted altar of Lugonu.
   823 | D        | Found a viscous altar of Jiyva.
   889 | D        | Slain by a two-headed ogre

Illustrated notes

Levels and vault maps discovered:
D:        dungeon_sprint_mu [sprint_mu_entry_cave, sprint_mu_temple_rooms,
          sprint_mu_d1_spiders, sprint_mu_d2_genie, sprint_mu_d3_branching,
          sprint_mu_orc_legion, sprint_mu_elf_gauntlet, sprint_mu_hive_nellie,
          sprint_mu_lair_fedhas, sprint_mu_vaults_butterflies,
          sprint_mu_slime_circle, sprint_mu_swamp_cave, sprint_mu_snake_twists,
          sprint_mu_blade_basic, sprint_mu_crypt_lich, sprint_mu_tomb_spiral,
          sprint_mu_vestibule_basic, sprint_mu_gehenna_hellfire,
          sprint_mu_dis_giant, sprint_mu_tartarus_statrot,
          sprint_mu_cocytus_islands, sprint_mu_zot1]

Skill      XL: |  1  2  3  4  5  6  7  8 |
---------------+-------------------------+-----
Maces & Flails | 4 5 6 7 9 10 11 | 11.6
Fighting       | 3 4 5 6 7 8 9 |  9.2
Dodging        | 3 4 5 6 7 8 |  8.9
Stealth        | |  0.4

Action                   |  1- 3 |  4- 6 |  7- 9 || total
-------------------------+-------+-------+-------++-------
Melee: Mace              |    13 |    57 |    51 ||   121
Invok: Berserk           |     2 |     4 |     2 ||     8
       Brothers in Arms  |       |       |     1 ||     1
  Use: Scroll            |       |     4 |       ||     4
       Potion            |       |     2 |     1 ||     3
Armor: Animal skin       |     2 |     4 |     2 ||     8
Dodge: Dodged            |     8 |    19 |    16 ||    43

Table legend: (Time is in decaauts)
 A = Elapsed time spent in this place.
 B = Non-inter-level travel time spent in this place.
 C = Inter-level travel time spent in this place.
 D = Time resting spent in this place.
 E = Time spent auto-exploring this place.
 F = Levels seen in this place.
 G = Mean time per level.
                   A        B        C        D        E       F      G
               +--------+--------+--------+--------+--------+-----+--------+
         Total |    922 |    922 |      0 |    612 |     25 |   1 |  922.0 |
       Dungeon |    922 |    922 |      0 |    612 |     25 |   1 |  922.0 |
               +--------+--------+--------+--------+--------+-----+--------+

Top non-repeatable levels by time:
       D: 922 daAuts
